 Dungeon Crawl Stone Soup version 0.30-a0-799-g109b55a442 (webtiles) character file.

Game seed: 1419508395474282222

40138 barkas the Brawler (level 13, -9/131 HPs)
             Began as a Troll Cinder Acolyte on Feb 20, 2023.
             Was a High Priest of Ignis.
             Mangled by a skyshark (19 damage)
             ... on level 4 of the Lair of Beasts.
             The game lasted 00:27:24 (14745 turns).

barkas the Brawler (Troll Cinder Acolyte)          Turns: 14745, Time: 00:27:26

Health: -9/131     AC: 12    Str: 33    XL:     13   Next: 73%
Magic:  13/13      EV:  6    Int:  9    God:    Ignis [*****.]
Gold:   949        SH: 14    Dex: 10    Spells: 14/14 levels left

rFire   + . .      SeeInvis .      - Unarmed
rCold   . . .      Faith    .    u - +0 tower shield
rNeg    . . .      Spirit   .    H - +0 troll leather armour
rPois   +          Reflect  .    o - +2 hat
rElec   .          Harm     .    G - +1 cloak
rCorr   .          Rampage  .    (gloves unavailable)
Will    .....                    (boots unavailable)
Stlth   +                        b - amulet of regeneration
HPRegen 2.81/turn                K - +6 ring of dexterity
MPRegen 0.13/turn                W - ring of poison resistance

@: about to teleport
A: large, unfitting armour, claws 3, regeneration 1, shaggy fur 1, tough skin 1,
talons 1, iridescent scales 1, strong 1
a: Renounce Religion, Fiery Armour, Foxfire Swarm, Rising Flame


You were on level 4 of the Lair of Beasts.
You worshipped Ignis.
Ignis was extremely pleased with you.
You visited 2 branches of the dungeon, and saw 16 of its levels.
You also visited: Sewer and Ossuary.

You collected 1176 gold pieces.
You spent 227 gold pieces at shops.

Inventory:

Hand Weapons
 S - the +0 spear of a Thousand People {flame, Drain rPois Str+7}
   (You found it on level 9 of the Dungeon)

   Str:       It affects your strength (+7).
   rPois:     It protects you from poison.
   Drain:     It drains your maximum health when unequipped.
Missiles
 f - 12 large rocks
 x - 6 javelins
 C - 2 silver javelins
 D - 34 poisoned darts (quivered)
 F - 3 datura-tipped darts
 I - 2 throwing nets
 M - 15 boomerangs
 O - 4 curare-tipped darts
 U - 2 atropa-tipped darts
Armour
 o - a +2 hat (worn)
 s - +0 acid dragon scales
 u - a +0 tower shield (worn)
 G - a +1 cloak (worn)
 H - a +0 troll leather armour (worn)
 V - a +2 robe of cold resistance
Jewellery
 b - an amulet of regeneration (around neck)
 d - a ring of ice
 m - a ring of positive energy
 K - a +6 ring of dexterity (left claw)
 W - a ring of poison resistance (right claw)
 Z - a +6 ring of dexterity
Wands
 a - a wand of iceblast (19)
 k - a wand of charming (29)
 N - a wand of digging (5)
 Q - a wand of flame (12)
 R - a wand of polymorph (9)
 T - a wand of mindburst (9)
Scrolls
 e - 13 scrolls of teleportation
 g - a scroll of brand weapon {unknown}
 t - 3 scrolls of immolation
 v - 2 scrolls of acquirement {unknown}
 y - 5 scrolls of magic mapping
 z - 3 scrolls of torment
 B - 3 scrolls of fear
 E - a scroll of butterflies {unknown}
 J - a scroll of poison
 L - 2 scrolls of noise {unknown}
 P - 3 scrolls of blinking
 X - a scroll of vulnerability {unknown}
Potions
 c - 4 potions of haste
 h - a potion of cancellation
 i - 3 potions of mutation
 j - a potion of magic
 l - 5 potions of curing
 n - a potion of heal wounds
 p - a potion of flight
 q - 6 potions of attraction
 r - a potion of resistance
 w - a potion of ambrosia
 A - a potion of berserk rage
 Y - 2 potions of lignification


   Skills:
 + Level 9.4 Fighting
 + Level 11.1 Throwing
 + Level 9.3 Shields
 * Level 15.2 Unarmed Combat
 - Level 1.0 Spellcasting
 - Level 2.1 Fire Magic


You had 14 spell levels left.
You didn't know any spells.
Your spell library contained the following spells:

 Spells                   Type           Power      Damage    Failure   Level
 Scorch                   Fire           8%         2d5       73%         2
 Sandblast                Erth           0%         2d4       87%         1
 Blink                    Tloc           0%         N/A       95%         2
 Ensorcelled Hibernation  Hex/Ice        0%         N/A       95%         2
 Lesser Beckoning         Tloc           0%         N/A       95%         2
 Momentum Strike          Conj/Tloc      0%         3d8       95%         2
 Passwall                 Tmut/Erth      0%         N/A       95%         2
 Sublimation of Blood     Necr           0%         N/A       95%         2
 Spider Form              Tmut/Pois      0%         N/A       99%         3
 Stone Arrow              Conj/Erth      0%         3d7       99%         3
 Anguish                  Hex/Necr       0%         N/A       100%        4
 Animate Armour           Summ/Erth      0%         N/A       100%        4
 Manifold Assault         Tloc           0%         N/A       100%        4
 Passage of Golubria      Tloc           0%         N/A       100%        4
 Petrify                  Tmut/Erth      0%         N/A       100%        4
 Blade Hands              Tmut           0%         N/A       100%        5
 Irradiate                Conj/Tmut      0%         3d11      100%        5
 Silence                  Hex/Air        0%         N/A       100%        5
 Iron Shot                Conj/Erth      0%         9d1       100%        6
 Storm Form               Tmut/Air       0%         N/A       100%        7
 Lehudib's Crystal Spear  Conj/Erth      0%         10d2      100%        8


Dungeon Overview and Level Annotations

Branches:
Dungeon (12/15)            Temple (0/1) D:4            Lair (4/5) D:10
  Swamp (0/4) Lair:3       Spider (0/4) Lair:3        Slime (0/5) Lair:4
  Sewer (visited)         Ossuary (visited)
    Orc: D:9-12

Altars:
Ashenzari
Cheibriados
Dithmenos
Hepliaklqana
Ru
Wu Jian
Xom
Yredelemnul
Jiyva

Shops:
D:8 [   D:10 *   D:11 *

Annotations:
D:8 exclusion: 2 oklob saplings
D:12 Kirke


Innate Abilities, Weirdness & Mutations

You are too large for most types of armour.
You have claws for hands.
Your natural rate of healing is unusually fast.
You are covered in fur. (AC +1)
You have tough skin. (AC +1)
You have sharp toenails.
You are partially covered in iridescent scales. (AC +2)
Your muscles are strong. (Str +4, Int/Dex -1)


Message History

You claw the skyshark, but do no damage.
The skyshark is moderately wounded.
The skyshark bites you!
The skyshark tastes blood and grows stronger!
The skyshark tail-slaps you. x2
You barely miss the skyshark.
The skyshark is moderately wounded.
The skyshark bites you!!
The skyshark enters a blood-rage!
The skyshark tail-slaps you! The skyshark barely misses you.
You mangle the skyshark!!
The skyshark is heavily wounded.
The skyshark bites you!! You block the skyshark's attack. x2
The skyshark bites you!! You block the skyshark's attack.
The skyshark tail-slaps you but does no damage.
You are too injured to fight recklessly!
You are too injured to fight recklessly!
As you read the scroll of teleportation, it crumbles to dust.
You feel strangely unstable. The skyshark bites you!
The skyshark tail-slaps you but does no damage.
You block the skyshark's attack. The skyshark attacks as you move away!
You block the skyshark's attack. The skyshark closely misses you.
The skyshark tail-slaps you!
* * * LOW HITPOINT WARNING * * *
The skyshark bites you but does no damage.
You block the skyshark's attack.
The skyshark tail-slaps you but does no damage.
The skyshark attacks as you move away! The skyshark bites you!
* * * LOW HITPOINT WARNING * * *
You block the skyshark's attack. The skyshark barely misses you.
The skyshark bites you!
* * * LOW HITPOINT WARNING * * *
The skyshark tail-slaps you!
* * * LOW HITPOINT WARNING * * *
The skyshark tail-slaps you but does no damage.
You feel much better. The skyshark bites you!
* * * LOW HITPOINT WARNING * * *
The skyshark tail-slaps you.
* * * LOW HITPOINT WARNING * * *
You block the skyshark's attack. The skyshark bites you!!
You die...

...#....##..#..##
..#######.......## .....
.....##..........# #.$...
....#...........## ......
.....#..........# #......
.....#..........## .......
.................##.......
.................#........
...#..........#.@l........
...........#.#.#..........
......#..##.#####.?.......
.....#.##.###.# .#.###...#
.....P.......####### ..#
..............# .#
.....(........# .
..............##
##.............#


You could see a skyshark (berserk).

Vanquished Creatures
  A dire elephant (Lair:2)
  Fannar (D:11)
  A hydra (Lair:3)
  An ogre mage (D:11)
  4 two-headed ogres
  Nergalle (Lair:1)
  A fire crab (Lair:3)
  A bog body (Lair:3)
  15 elephants
  3 cyclopes (D:11)
  2 gargoyles
  4 cane toads
  A rime drake (Lair:3)
  4 kobold demonologists (D:11)
  An unseen horror zombie (D:9)
  5 komodo dragons
  2 hornets (D:8)
  2 polar bears
  6 trolls
  4 blink frogs (Lair:3)
  3 shadows
  Sigmund (D:2)
  45 yaks
  A spriggan (Lair:2)
  A vampire (D:9)
  4 wyverns
  3 basilisks
  2 hogs (D:12)
  10 wargs
  8 vampire mosquitoes
  A swamp worm (Lair:3)
  2 acid dragons
  2 hell hounds (D:11)
  10 water moccasins
  4 orc warriors
  5 black bears
  3 ice beasts
  19 wolves
  An ogre (D:4)
  2 centaurs
  A phantom (D:4)
  8 kobold brigands
  Blork the orc (D:5)
  An elf zombie (Ossuary)
  9 gnoll sergeants
  14 bullfrogs
  A wyvern zombie (D:9)
  A scorpion (D:7)
  8 wights
  5 killer bees (D:9)
  An electric eel (Lair:3)
  8 howler monkeys
  A human zombie (Ossuary)
  5 centaur zombies (D:9)
  11 orc priests
  2 hounds
  Crazy Yiuf (D:4)
  7 jellies
  3 gnoll boudas
  4 iguanas
  Ijyb (D:4)
  Terence (D:2)
  14 orc wizards
  Natasha (thrice) (D:2)
  3 mummies
  2 howler monkey zombies (D:9)
  16 gnolls
  16 adders
  4 river rats (Sewer)
  2 white imps
  2 worms
  A dart slug (D:1)
  45 orcs
  5 endoplasms
  4 giant cockroaches
  4 gnoll zombies (Ossuary)
  4 goblins
  5 hobgoblins
  7 jackals
  9 quokkas
  15 ball pythons
  5 bats
  6 frilled lizards
  2 goblin zombies (Ossuary)
  2 hobgoblin zombies (Ossuary)
  22 kobolds
  4 orc zombies (Ossuary)
  14 rats
497 creatures vanquished.

Vanquished Creatures (others)
  An orc priest (D:11)
  73 fungi
  100 plants
174 creatures vanquished.

Grand Total: 671 creatures vanquished

Notes
Turn   | Place    | Note
-------+----------+-------------------------------------------
     0 | D:1      | barkas the Troll Cinder Acolyte began the quest for the
                  | Orb.
     0 | D:1      | Reached XP level 1. HP: 22/22 MP: 1/1
   295 | D:1      | Reached XP level 2. HP: 29/29 MP: 2/2
   573 | D:2      | Noticed Sigmund
   758 | D:2      | Reached XP level 3. HP: 32/36 MP: 3/3
   854 | D:2      | Noticed Natasha
   865 | D:2      | Killed Natasha
   866 | D:2      | Reached skill level 1 in Throwing
   866 | D:2      | Reached skill level 4 in Unarmed Combat
   896 | D:2      | Noticed Natasha
   902 | D:2      | Killed Natasha
   902 | D:2      | Noticed Natasha
   903 | D:2      | Reached XP level 4. HP: 45/45 MP: 4/4
   910 | D:2      | Killed Natasha
  1064 | D:2      | Noticed Terence
  1082 | D:2      | Killed Terence
  1083 | D:2      | Reached XP level 5. HP: 53/53 MP: 5/5
  1519 | D:2      | Killed Sigmund
  1520 | D:2      | Reached skill level 5 in Unarmed Combat
  1520 | D:2      | Reached XP level 6. HP: 48/61 MP: 6/6
  2611 | D:4      | Noticed Ijyb
  2623 | D:4      | Killed Ijyb
  2652 | D:4      | Reached skill level 1 in Shields
  2753 | D:4      | Found a glowing drain.
  2759 | D:4      | Reached XP level 7. HP: 65/68 MP: 7/7
  2774 | Sewer    | Entered a sewer
  2836 | Sewer    | Reached skill level 6 in Unarmed Combat
  3144 | D:4      | Found a staircase to the Ecumenical Temple.
  3372 | D:4      | Found a runed translucent door.
  3373 | D:4      | Noticed Crazy Yiuf
  3778 | D:4      | Killed Crazy Yiuf
  3837 | D:5      | Entered Level 5 of the Dungeon
  3875 | D:5      | Noticed Blork the orc
  3894 | D:5      | Killed Blork the orc
  3902 | D:5      | Reached XP level 8. HP: 79/79 MP: 8/8
  4029 | D:5      | Found a shimmering altar of Xom.
  4044 | D:5      | Reached skill level 7 in Unarmed Combat
  4462 | D:6      | Found a sacrificial altar of Ru.
  4494 | D:6      | Found a sand-covered staircase.
  4502 | Ossuary  | Entered an ossuary
  4687 | D:6      | Reached skill level 5 in Fighting
  4690 | D:6      | Reached skill level 8 in Unarmed Combat
  4806 | D:6      | Reached XP level 9. HP: 76/88 MP: 9/9
  5524 | D:7      | Reached skill level 5 in Throwing
  5902 | D:7      | Reached skill level 9 in Unarmed Combat
  6251 | D:8      | Noticed a two-headed ogre
  6273 | D:8      | Killed a two-headed ogre
  6414 | D:8      | Found a broken altar of Ashenzari.
  6577 | D:8      | Reached skill level 5 in Shields
  6666 | D:8      | Found an ornate altar of the Wu Jian Council.
  6778 | D:8      | Found a snail-covered altar of Cheibriados.
  6798 | D:8      | Found Gasiug's Antique Armour Shop.
  6807 | D:8      | Reached XP level 10. HP: 89/98 MP: 10/10
  6982 | D:8      | Reached skill level 10 in Unarmed Combat
  7480 | D:9      | Identified the +0 spear of a Thousand People {flame, Drain
                  | rPois Str+7}
  7617 | D:9      | Noticed a gargoyle
  7623 | D:9      | Killed a gargoyle
  8160 | D:9      | Found a basalt altar of Yredelemnul.
  8251 | D:10     | Entered Level 10 of the Dungeon
  8258 | D:9      | Reached skill level 11 in Unarmed Combat
  8390 | D:10     | Noticed a two-headed ogre
  8410 | D:9      | Killed a two-headed ogre
  8414 | D:10     | Noticed an elephant
  8447 | D:10     | Noticed a two-headed ogre
  8454 | D:9      | Killed a two-headed ogre
  8455 | D:9      | Reached XP level 11. HP: 36/109 MP: 11/11
  8655 | D:10     | Found Vitav's General Store.
  8679 | D:10     | Found a shadowy altar of Dithmenos.
  8689 | D:10     | Bought a potion of heal wounds for 70 gold pieces
  8689 | D:10     | Bought 2 throwing nets for 84 gold pieces
  8880 | D:10     | Found a staircase to the Lair.
  9129 | D:10     | Bought 2 atropa-tipped darts for 25 gold pieces
  9196 | D:11     | Reached skill level 12 in Unarmed Combat
  9233 | D:11     | Noticed a soul eater
  9817 | D:11     | Found Oner's Assorted Antiques.
  9825 | D:11     | Bought a scroll labelled CENEOT ELUTZ for 24 gold pieces
  9825 | D:11     | Bought a scroll labelled MIGHEJ KIGG for 24 gold pieces
  9831 | D:11     | Noticed Fannar
  9844 | D:11     | Killed Fannar
 10392 | D:11     | Reached XP level 12. HP: 117/119 MP: 12/12
 10441 | D:10     | Reached skill level 13 in Unarmed Combat
 10652 | D:11     | Noticed an ogre mage
 10652 | D:11     | Noticed a two-headed ogre
 10665 | D:11     | Paralysed by something for 4 turns
 10733 | D:11     | Paralysed by an ogre mage for 2 turns
 10737 | D:11     | Killed an ogre mage
 10853 | D:11     | Killed a two-headed ogre
 11101 | D:11     | Gained mutation: Armour fits poorly on your strangely
                  | shaped body. [a neqoxec]
 11439 | D:11     | Lost mutation: Armour fits poorly on your strangely shaped
                  | body. [potion of mutation]
 11439 | D:11     | Gained mutation: Your muscles are strong. (Str +4, Int/Dex
                  | -1) [potion of mutation]
 11439 | D:11     | Gained mutation: You are partially covered in iridescent
                  | scales. (AC +2) [potion of mutation]
 11439 | D:11     | Gained mutation: You have sharp toenails. [potion of
                  | mutation]
 11494 | D:12     | Noticed Kirke
 11694 | Lair:1   | Entered Level 1 of the Lair of Beasts
 12155 | Lair:1   | Reached skill level 14 in Unarmed Combat
 12713 | Lair:2   | Noticed Nergalle
 12723 | Lair:1   | Killed Nergalle
 12740 | Lair:2   | Reached skill level 10 in Throwing
 12746 | Lair:2   | Reached XP level 13. HP: 108/130 MP: 13/13
 13412 | Lair:2   | Noticed a dire elephant
 13417 | Lair:2   | Killed a dire elephant
 13534 | Lair:3   | Found a hole to the Spider Nest.
 13689 | Lair:3   | Found a hazy altar of Hepliaklqana.
 13968 | Lair:3   | Reached skill level 15 in Unarmed Combat
 14321 | Lair:3   | Found a staircase to the Swamp.
 14589 | Lair:4   | Found a viscous altar of Jiyva.
 14589 | Lair:4   | Found a staircase to the Slime Pits.
 14744 | Lair:4   | HP: 5/131 [skyshark (7)]
 14745 | Lair:4   | Mangled by a skyshark

Illustrated notes

Levels and vault maps discovered:
D:1:      dpeg_arrival_orchard, layout_loops_cross
D:2:      layout_loops_ring, serial_forest, infiniplex_forest_lined_room_,
          infiniplex_forest_clump_diagonal, infiniplex_forest_clump_tiny,
          infiniplex_forest_join, infiniplex_forest_3_way,
          infiniplex_forest_straight_2, kennysheep_generic_room_3, uniq_sigmund,
          uniq_natasha, uniq_terence
D:3:      layout_basic, chequers_serial_rivers_micro_d, st_stairs_10,
          kennysheep_nondescript
D:4:      layout_loops_ring, minmay_temple_entry_mini_moons,
          portal_sewer_entry_f, minmay_crystal_room, uniq_ijyb,
          uniq_crazy_yiuf_cottage
D:5:      layout_rooms, mainiacjoe_overflow_six_doors_small, uniq_blork_the_orc
D:6:      layout_cave_pools, nicolae_ru_sacrificial_ziggurat,
          gup_ossuary_entry_pyramid, dreamdust_wishing_well,
          hangedman_abyss_or_decor_passed
D:7:      layout_basic, serial_curves, eino_curves_02, eino_curves_04
D:8:      layout_cave_pods, kennysheep_mini, evilmike_ruin_ashenzari,
          nicolae_overflow_crystal_walls, serial_shops, shop,
          introduction_to_nature_1
D:9:      layout_loops_corners, nicolae_yredelemnul_corpse_copse
D:10:     layout_cave_pools, grunt_dithmenos_shadows, david_lair_generic,
          serial_shops, nicolae_shop_advertising_works
          [nicolae_subvault_shop_adworks]
D:11:     lemuel_castle_with_subvaults [lemuel_castle_interior_carwin_2],
          layout_stronghold, serial_shops, shop_fountains, uniq_fannar
D:12:     layout_small_grid, minmay_orc_entry_guard_dogs, grunt_ministairs_6,
          kennysheep_nub, uniq_kirke
Lair:1:   layout_cave_pods, grunt_megastairs_3, lemuel_fruit_fields,
          serial_bayou_shore_a
Lair:2:   mu_elephants_graveyard, layout_chaotic_city, uniq_nergalle
Lair:3:   layout_regular_city, nicolae_swamp_entry_splash_gauntlet,
          spider_nest_entry_web_field, basic_altar, serial_bayou_pond_d
Lair:4:   layout_cave_pods, nicolae_slime_entry_field_trip,
          lemuel_centaur_altar, infiniplex_staircase_pool

Skill      XL: |  1  2  3  4  5  6  7  8  9 10 11 12 13 |
---------------+----------------------------------------+-----
Throwing       | 1 2 3 4 5 7 8 10 11 | 11.1
Unarmed Combat | 4 5 6 8 9 11 12 14 15 | 15.2
Fighting       | 3 4 5 6 7 8 9 |  9.4
Shields        | 1 2 3 5 6 7 8 9 |  9.3
Spellcasting   | |  1.0
Fire Magic     | |  2.1

Action                     |  1- 3 |  4- 6 |  7- 9 | 10-12 | 13-15 || total
---------------------------+-------+-------+-------+-------+-------++-------
  Melee: Unarmed           |    75 |   134 |   425 |   739 |   235 ||  1608
         Punch             |     3 |     2 |       |       |       ||     5
         Kick              |       |       |       |    59 |    72 ||   131
  Throw: Dart              |       |       |     5 |     4 |     5 ||    14
         Stone             |       |       |     1 |     5 |       ||     6
         Boomerang         |       |       |       |    12 |       ||    12
         Large rock        |       |       |       |       |     7 ||     7
    Use: Scroll            |       |     3 |     5 |    13 |     3 ||    24
         Potion            |       |       |       |     6 |     1 ||     7
   Stab: Sleeping          |       |     1 |     2 |       |       ||     3
 Armour: Robe              |    31 |    45 |   166 |    74 |       ||   316
         Skin              |       |       |       |    55 |       ||    55
         Acid dragon scale |       |       |       |    87 |       ||    87
         Troll leather arm |       |       |       |    63 |   122 ||   185
  Dodge: Dodged            |    39 |    48 |    85 |   152 |    58 ||   382
  Block: Tower shield      |       |    35 |   295 |   695 |   225 ||  1250

Table legend: (Time is in decaauts)
 A = Elapsed time spent in this place.
 B = Non-inter-level travel time spent in this place.
 C = Inter-level travel time spent in this place.
 D = Time resting spent in this place.
 E = Time spent auto-exploring this place.
 F = Levels seen in this place.
 G = Mean time per level.
                   A        B        C        D        E       F      G
               +--------+--------+--------+--------+--------+-----+--------+
         Total |  14843 |  13783 |   1060 |    949 |   8733 |  18 |  824.6 |
       Dungeon |  11330 |  10430 |    900 |    793 |   6635 |  12 |  944.2 |
          Lair |   2973 |   2813 |    160 |    152 |   1831 |   4 |  743.2 |
         Sewer |    365 |    365 |      0 |      0 |    225 |   1 |  365.0 |
       Ossuary |    174 |    174 |      0 |      4 |     42 |   1 |  174.0 |
               +--------+--------+--------+--------+--------+-----+--------+

Top non-repeatable levels by time:
    D:11: 2381 daAuts
     D:9: 1322 daAuts
     D:8: 1059 daAuts
  Lair:3: 1034 daAuts
     D:4: 1029 daAuts
     D:3: 1013 daAuts
     D:2: 971 daAuts
  Lair:1: 960 daAuts
     D:6: 817 daAuts
  Lair:2: 793 daAuts
    D:10: 717 daAuts
     D:1: 691 daAuts
     D:5: 647 daAuts
     D:7: 562 daAuts
   Sewer: 365 daAuts
